 Dungeon Crawl Stone Soup version 0.31.0-11-ge490571c62 (webtiles) character file.

Game seed: 10081558175346663099

147 qw the Skirmisher (level 5, -2/29 HPs)
             Began as a Deep Elf Hunter on Feb 4, 2024.
             Splashed by a jelly's acid (9 damage)
             ... on level 3 of the Dungeon.
             The game lasted 00:00:09 (1877 turns).

qw the Skirmisher (Deep Elf Hunter)                 Turns: 1877, Time: 00:00:10

Health: -2/29      AC: -4    Str: 10    XL:     5   Next: 7%
Magic:  7/7        EV: 12    Int: 14    God:
Gold:   58         SH:  0    Dex: 18    Spells: 4/4 levels left

rFire   . . .        a - +0 shortbow
rCold   . . .        (shield currently unavailable)
rNeg    . . .        c - +0 leather armour
rPois   .            (no helmet)
rElec   .            (no cloak)
rCorr   .            (no gloves)
SInv    .            k - +0 pair of boots
Will    +....        (no amulet)
Stlth   ++           g - ring of willpower
HPRegen 0.24/turn    (no ring)
MPRegen 0.10/turn

%: no passive effects
@: corroded
A: no striking features
a: no special abilities


You were on level 3 of the Dungeon.
You visited 1 branch of the dungeon, and saw 4 of its levels.

You collected 107 gold pieces.
You spent 49 gold pieces at shops.


   Skills:
 - Level 1.5 Fighting
 + Level 8.5 Ranged Weapons
 - Level 2.4 Dodging
 - Level 1.2 Stealth


You had 4 spell levels left.
You didn't know any spells.
Your spell library was empty.

Inventory:

Hand Weapons
 a - a +0 shortbow (weapon)
Armour
 c - a +0 leather armour (worn)
 k - a +0 pair of boots (worn)
Jewellery
 g - a ring of willpower (left hand)
Potions
 b - a potion of heal wounds
 d - 3 potions of curing
 f - a potion of might
 h - a potion of attraction {unknown}
 i - a potion of invisibility {unknown}
 j - a potion of berserk rage {unknown}
 l - a potion of lignification {unknown}
 o - a potion of haste {unknown}

Dungeon Overview and Level Annotations

Branches:
Dungeon (4/15)
 Temple: D:4-7

Altars:
Uskayaw

Shops:
D:1 [


Message History

Done exploring.
1852 ||| DROPPING potion of degeneration.
You drop a potion of degeneration.
Done exploring.
What level of the Dungeon? (default 3, ? - help)
There is a stone staircase leading down here.
You climb downwards.
The orc shouts!
The orc priest shouts!
The orc wizard shouts!
Found a scroll of blinking.
Found a stone staircase leading down.
There is a stone staircase leading up here.
There are monsters nearby!
Waypoint 3 assigned to D:4.
Enter note:
Enter note: You shoot an arrow.
The arrow barely misses the orc.
The orc priest shouts!
The orc shouts!
The arrow hits the orc priest!
The orc priest is heavily wounded.
The jelly quivers.
1860 ||| STAIRDANCE The orc hits you with a +0 hand axe.
You climb upwards.
There is a stone staircase leading down here.
You shoot an arrow. The arrow closely misses the orc.
The orc barely misses you.
You shoot an arrow. The arrow hits the orc!
You kill the orc!
You start resting.
HP restored.
You climb downwards.
The jelly hits you. The acid corrodes you!
You are splashed with acid!
There is a stone staircase leading up here.
1875 ||| STAIRDANCE The jelly hits you.
The acid corrodes you!
You are splashed with acid!
You climb upwards.
There is a stone staircase leading down here.
You shoot an arrow.
The arrow hits the jelly but does no damage.
The jelly hits you.
You are splashed with acid!
You die...

.##.#.### #.# ........# #.#
......#.###.# .#.......##.#
......#..##.###############
.#)##.......#.............#
...##.#..####.......#####.#
##.......# #.####.?#####.#######
##......)# #.##@J..(..#.........
......#### #.##.#..##.#..######.
#...### #!..###.##....# #.<..
#...# #...#_).......###.##. #...#
######.########...... #...#
#########...........#.#.###
#...###..........##.......#.#.###
...........###...##..)....#.#....
...........###...#........#.#....


You could see a jelly.

Vanquished Creatures
  A bombardier beetle (D:3)
  4 adders
  2 dart slugs (D:1)
  2 orcs (D:3)
  3 endoplasms
  A giant cockroach (D:1)
  4 goblins
  7 hobgoblins
  6 jackals
  7 kobolds
  6 quokkas
  10 ball pythons
  4 bats
  3 frilled lizards
  12 rats
72 creatures vanquished.

Notes
Turn   | Place    | Note
-------+----------+-------------------------------------------
     0 | D:1      | qw the Deep Elf Hunter began the quest for the Orb.
     0 | D:1      | Reached XP level 1. HP: 12/12 MP: 3/3
     0 | D:1      | 0 ||| qw: Version: 0.3-a-160-g6735b56
     0 | D:1      | 0 ||| qw: Game counter: 5501
     0 | D:1      | 0 ||| qw: Melee chars always use a shield: true
     0 | D:1      | 0 ||| qw: God list: Okawaru
     0 | D:1      | 0 ||| qw: Allow faded altars: false
     0 | D:1      | 0 ||| qw: Do Orc after clearing Dungeon:15 true
     0 | D:1      | 0 ||| qw: Do second Lair branch before Depths: true
     0 | D:1      | 0 ||| qw: Lair rune preference: random
     0 | D:1      | 0 ||| qw: Goals: Normal
     0 | D:1      | 0 ||| PLANNING D:1-11
   120 | D:1      | Reached XP level 2. HP: 16/16 MP: 4/4
   137 | D:1      | Reached skill level 6 in Ranged Weapons
   232 | D:1      | Reached XP level 3. HP: 20/20 MP: 5/5
   374 | D:1      | Found Zecwyt's Armour Shop.
   378 | D:1      | 378 ||| SHOPLISTING +0 helmet "Istutiw" {rElec rF+ Dex+3
                  | Slay-4} (165 gold, have 55).
   378 | D:1      | 378 ||| BUYING +0 pair of boots (49 gold).
   378 | D:1      | Bought a +0 pair of boots for 49 gold pieces
   378 | D:1      | 378 ||| SHOPLISTING +0 ring mail (44 gold, have 6).
   378 | D:1      | 378 ||| SHOPLISTING +0 scale mail (44 gold, have 6).
   378 | D:1      | 378 ||| SHOPLISTING +1 robe of fire resistance (139 gold,
                  | have 6).
   378 | D:1      | 378 ||| SHOPLISTING +3 robe of Inviolability {-Cast Regen+
                  | Str+3} (242 gold, have 6).
   525 | D:1      | 525 ||| UPGRADING to +0 pair of boots.
   530 | D:1      | 530 ||| UPGRADING to ring of willpower.
   531 | D:1      | 531 ||| READING scroll labelled HOPEYZATHRO.
   570 | D:1      | 570 ||| READING scroll labelled TUYKAM WAUR.
   573 | D:1      | 573 ||| READING scroll labelled REASMA VOSOTU.
   574 | D:1      | 574 ||| READING scroll labelled ASHI AMMAUMUIN.
   575 | D:1      | 575 ||| READING scroll labelled ETRIHAZAVY.
   576 | D:1      | 576 ||| DROPPING scroll of butterflies.
   596 | D:2      | 596 ||| STAIRDANCE
   610 | D:2      | 610 ||| STAIRDANCE
   615 | D:1      | Reached skill level 7 in Ranged Weapons
   685 | D:2      | Reached XP level 4. HP: 25/25 MP: 6/6
  1156 | D:2      | Found a hide-covered altar of Uskayaw.
  1234 | D:2      | 1234 ||| READING scroll labelled YWKOCI VEAPRI.
  1235 | D:2      | 1235 ||| READING scroll labelled REVVUEM LUMPAE.
  1235 | D:2      | 1235 ||| IDENTIFYING fuming golden potion
  1236 | D:2      | 1236 ||| DRINKING 2 blue potions.
  1238 | D:2      | 1238 ||| Stepping ~*~*~tactically~*~*~ (cloud).
  1245 | D:2      | HP: 6/25 [poisoned by you (poison gas)]
  1380 | D:3      | Reached skill level 8 in Ranged Weapons
  1393 | D:3      | Found a faded altar of an unknown god.
  1677 | D:3      | Reached XP level 5. HP: 29/29 MP: 7/7
  1849 | D:3      | 1849 ||| READING scroll of identify.
  1849 | D:3      | 1849 ||| IDENTIFYING fizzy blue potion
  1850 | D:3      | 1850 ||| READING scroll labelled HATHEM BU LYU.
  1851 | D:3      | 1851 ||| DRINKING 4 amethyst potions.
  1852 | D:3      | 1852 ||| DROPPING potion of degeneration.
  1860 | D:4      | 1860 ||| STAIRDANCE
  1875 | D:4      | 1875 ||| STAIRDANCE
  1875 | D:4      | HP: 7/29 [acid (12)]
  1877 | D:3      | Splashed by a jelly's acid

Levels and vault maps discovered:
D:1:      heliophobic_arrival_dark_side_of_the_moon, layout_basic, serial_shops,
          nicolae_shop_back_alley_shop, minmay_unequal
D:2:      layout_loops_ring, basic_altar, minmay_misc_feat_secret_circle,
          corexii_shack
D:3:      layout_loops_cross, ebering_ecumenical_altar_rust
D:4:      layout_layer_cave, minmay_temple_entry_drinking_statues, serial_shops,
          shop, kennysheep_generic_room_13, uniq_sigmund

Skill      XL: |  1  2  3  4 |
---------------+-------------+-----
Ranged Weapons | 6 7 8 |  8.5
Fighting       | |  1.5
Dodging        | |  2.4
Stealth        | |  1.2

Action                     |  1- 3 |  4- 6 || total
---------------------------+-------+-------++-------
   Fire: Shortbow          |   113 |    77 ||   190
    Use: Scroll            |     5 |     4 ||     9
         Potion            |       |     2 ||     2
 Armour: Leather armour    |    19 |    10 ||    29
  Dodge: Dodged            |    39 |     7 ||    46

Table legend:
 A = Non-vault XP
 B = Vault XP
 C = Vault XP percentage of total XP
 D = Non-vault monster count
 E = Vault monster count
 F = Vault count percentage of total count
                 A         B        C        D         E       F
            +---------+---------+-------+---------+---------+-------
      Total |     202 |       8 |   3.8 |      67 |       5 |   6.9
            +---------+---------+-------+---------+---------+-------
        D:1 |      62 |       6 |   8.8 |      28 |       4 |  12.5
        D:2 |      62 |       2 |   3.1 |      23 |       1 |   4.2
        D:3 |      78 |       0 |   0.0 |      16 |       0 |   0.0
            +---------+---------+-------+---------+---------+-------
